 Dungeon Sprint DCSS version 0.21.1-1-g345015f (webtiles) character file.

5003 Fang the Fighter (level 10, -10/154 HPs)
             Began as a Minotaur Berserker on June 8, 2018.
             Was the Champion of Trog.
             Killed by nerve-wracking pain
             ... invoked by Menkaure
              (13 damage)
             ... in the Dungeon (Sprint V: "Ziggurat Sprint").
             The game lasted 00:08:55 (1658 turns).

Fang the Fighter (Minotaur Berserker)               Turns: 1658, Time: 00:08:56

Health: -10/154    AC: 12    Str: 36    XL:     10   Next: 29%
Magic:  9/9        EV: 13    Int:  4    God:    Trog [******]
Gold:   0          SH:  0    Dex:  8    Spells: 9/9 levels left

rFire    . . .     SeeInvis .   j - +6 hand axe (flame)
rCold    . . .     Gourm    .   (no shield)
rNeg     . . .     Faith    .   C - +0 chain mail of the Gravedigger {rElec Dex-2 Slay+2 Stlth+}
rPois    .         Spirit   .   (helmet restricted)
rElec    +         Reflect  .   (no cloak)
rCorr    .         Harm     .   (no gloves)
MR       .....     NoTele   +   (no boots)
Stlth    ..........             (no amulet)
HPRegen  0.35/turn              F - +6 ring of strength
MPRegen  0.11/turn              G - ring of flight

@: berserking (expiring), lethally poisoned (-10 -> -15), slowed, studying 2
skills
A: retaliatory headbutt, horns 2
a: Berserk, Trog's Hand, Brothers in Arms, Burn Spellbooks, Renounce Religion,
Evoke Flight


You were in the Dungeon.
You worshipped Trog.
Trog was exalted by your worship.
You were hungry.

You visited 1 branch

Inventory:

Hand Weapons
 j - a +6 hand axe of flaming (weapon)
 k - a +5 executioner's axe
 I - a +5 antimagic executioner's axe
 M - a +2 hand axe of electrocution
Missiles
 H - 4 silver tomahawks (quivered)
 K - 5 javelins of returning
Armour
 C - the +0 chain mail of the Gravedigger (worn) {rElec Dex-2 Slay+2 Stlth+}
   (You found it in the Dungeon)

   It affects your dexterity (-2).
   It affects your accuracy and damage with ranged weapons and melee attacks
   (+2).
   It insulates you from electricity.
   It makes you more stealthy.
Jewellery
 b - the ring "Goyvvu" {rPois rC+ MR+ AC+3 Str-2}
   (You found it in the Dungeon)

   [ring of protection]

   It affects your AC (+3).
   It affects your strength (-2).
   It protects you from cold.
   It protects you from poison.
   It affects your resistance to hostile enchantments.
 u - an uncursed ring of positive energy
 D - the ring "Zuumm" {rElec MR+ Int+7 Slay-6}
   (You found it in the Dungeon)

   [ring of protection from magic]

   It affects your intelligence (+7).
   It affects your accuracy and damage with ranged weapons and melee attacks
   (-6).
   It insulates you from electricity.
   It affects your resistance to hostile enchantments.
 E - the ring "Pown" {rPois MP-9 Int+7 SInv Stlth-}
   (You found it in the Dungeon)

   [ring of see invisible]

   It affects your intelligence (+7).
   It protects you from poison.
   It affects your magic capacity (-9).
   It lets you see invisible.
   It makes you less stealthy.
 F - a +6 ring of strength (left hand)
 G - a ring of flight (right hand)
Wands
 x - a wand of disintegration (7)
 y - a wand of iceblast (7)
 z - a wand of acid (7)
Scrolls
 i - 4 scrolls of blinking
 m - 7 scrolls of fog
 n - a scroll of holy word
 o - 5 scrolls of identify
 p - 5 scrolls of remove curse
 q - 2 scrolls of fear
Potions
 d - 10 potions of curing
 e - 10 potions of heal wounds
 f - 6 potions of haste
 g - 7 potions of magic
 h - 3 potions of berserk rage
 r - 2 potions of brilliance
 s - 2 potions of invisibility
 t - 4 potions of resistance
 v - 5 potions of agility
 w - 6 potions of might
Books
 A - a manual of
Armour
 B - a manual of Throwing
Miscellaneous
 a - a phial of floods
 L - a box of beasts
Comestibles
 c - 6 rations
 J - 3 chunks of flesh


   Skills:
 + Level 14.1 Fighting
   Level 2.0 Short Blades
 + Level 14.0(15.8) Axes
   Level 12.9(15.3) Polearms
 + Level 3.9 Throwing
 + Level 13.0 Armour
 + Level 8.1 Dodging
 + Level 3.0 Stealth


You had 9 spell levels left.
You didn't know any spells.

Dungeon Overview and Level Annotations

Branches:
Dungeon (1/1)

Altars:
Ashenzari
Cheibriados
Dithmenos
Elyvilon
Fedhas
Gozag
Hepliaklqana
Kikubaaqudgha
Makhleb
Nemelex Xobeh
Okawaru
Qazlal
Ru
Sif Muna
Trog
Uskayaw
Vehumet
Wu Jian
Xom
Yredelemnul
Zin
The Shining One
Beogh
Jiyva
Lugonu

Annotations:
D 1 transporter, Frances, Maurice, Menkaure, Nikola, Polyphemus, Sonja


Innate Abilities, Weirdness & Mutations

You reflexively headbutt those who attack you in melee.
You have a pair of horns on your head.


Message History

Your Stealth skill increases to level 3!
You feel sick.
Unknown command.
You feel sick. Frances hits you but does no damage.
Sonja shoots a curare-tipped needle.
Polyphemus hits you but does no damage. x2
You hear some strange, mumbled words.
Nikola mumbles some strange words.
Nikola blinks!
The red devil hits you but does no damage.
Menkaure barely misses you.
You see here the troll corpse of Purgy.
You feel a strong urge to attack something.
You feel sick.
Sonja mumbles some strange words.
Sonja blinks!
Polyphemus hits you!
* * * LOW HITPOINT WARNING * * *
Polyphemus hits you but does no damage. Menkaure casts a spell at you.
Pain shoots through your body!
You die...

▓.▓..)..▓.▓.▓...▓.▓
▓....©....▓...©...▓
▓▓▓▓▓▓▓▓▓▓▓▓▓▓▓▓▓▓▓▓▓
▓...8©8...▓...8©8...▓
▓..:):)...▓..|)..)..▓
▓..[:![|..▓...".})..▓
▓.......@.▓.........▓
▓....4....▓...).....▓
▓..M@C....▓...))[...▓
▓K..@(.§..▓...).....▓
▓....(....▓.........▓
▓.........▓....©....▓
▓....©....▓▓▓▓▓▓▓▓▓▓▓
▓▓▓▓▓▓▓▓▓▓▓


You could see Nikola, Polyphemus, Frances, a red devil, Sonja and Menkaure.

Vanquished Creatures
  Agnes (D)
  3 slime creatures (D)
  A raiju (D)
  A small abomination (D)
  A golden eye (D)
  A naga (D)
  A floating eye (D)
  A water moccasin (D)
  3 orc warriors (D)
  Purgy (D)
  4 eyes of draining (D)
  A necrophage (D)
  A wight (D)
  2 quasits (D)
  A crimson imp (D)
  3 iron imps (D)
  4 jellies (D)
  An orc wizard (D)
  3 orc priests (D)
  An adder (D)
  3 shadow imps (D)
  An ufetubus (D)
  2 oozes (D)
  An adder zombie (D)
  8 orcs (D)
  2 ball pythons (D)
  2 leopard gecko skeletons (D)
  2 quokka skeletons (D)
56 creatures vanquished.

Notes
Turn   | Place    | Note
-------+----------+-------------------------------------------
     0 | D        | Found the +6 Majin-Bo {vamp, Archmagi MP+6 Int+6}
     0 | D        | Found the +7 great mace "Firestarter" {inner flame, rF++}
     0 | D        | Fang the Minotaur Berserker began the quest for the Orb.
     0 | D        | Reached XP level 1. HP: 19/19 MP: 0/0
     3 | D        | Found a blossoming altar of Fedhas.
     4 | D        | Found a viscous altar of Jiyva.
     4 | D        | Found a hazy altar of Hepliaklqana.
     4 | D        | Found a transporter.
     4 | D        | Found an opulent altar of Gozag.
     4 | D        | Found an ancient bone altar of Kikubaaqudgha.
     4 | D        | Found a corrupted altar of Lugonu.
    10 | D        | Found a burning altar of Makhleb.
    11 | D        | Found a stormy altar of Qazlal.
    11 | D        | Found a sacrificial altar of Ru.
    11 | D        | Found an iron altar of Okawaru.
    11 | D        | Found a deep blue altar of Sif Muna.
    11 | D        | Found a sparkling altar of Nemelex Xobeh.
    11 | D        | Found a bloodstained altar of Trog.
    73 | D        | Entered arena 2.
    73 | D        | Noticed an iron imp
    73 | D        | Found a transporter.
    76 | D        | Killed an iron imp
    76 | D        | Reached skill level 5 in Fighting
    76 | D        | Reached skill level 5 in Axes
    76 | D        | Reached XP level 2. HP: 30/30 MP: 1/1
    76 | D        | Reached XP level 3. HP: 37/37 MP: 2/2
   120 | D        | Entered arena 3.
   120 | D        | Found a transporter.
   126 | D        | Reached ** piety under Trog
   127 | D        | Reached XP level 4. HP: 43/45 MP: 3/3
   135 | D        | Got the cursed ring "Vuishrig" {rElec rF+ Dex-3}
   140 | D        | Entered arena 4.
   140 | D        | Noticed an eye of draining
   140 | D        | Noticed a floating eye
   140 | D        | Noticed an eye of draining
   140 | D        | Noticed an eye of draining
   140 | D        | Found a transporter.
   143 | D        | Paralysed by a floating eye for 4 turns
   148 | D        | Killed a floating eye
   148 | D        | Reached *** piety under Trog
   148 | D        | Reached skill level 5 in Armour
   148 | D        | Reached XP level 5. HP: 56/56 MP: 0/4
   151 | D        | Killed an eye of draining
   158 | D        | Killed an eye of draining
   158 | D        | Reached skill level 10 in Fighting
   158 | D        | Reached skill level 10 in Axes
   158 | D        | Reached skill level 5 in Dodging
   158 | D        | Reached XP level 6. HP: 66/66 MP: 0/5
   161 | D        | Reached skill level 5 in Polearms
   162 | D        | Reached **** piety under Trog
   162 | D        | Reached ***** piety under Trog
   191 | D        | Entered arena 5.
   191 | D        | Noticed a golden eye
   191 | D        | Noticed a slime creature
   191 | D        | Found a transporter.
   227 | D        | Reached XP level 7. HP: 15/73 MP: 1/6
   231 | D        | Killed a slime creature
   239 | D        | Killed a golden eye
   576 | D        | Received a gift from Trog
   589 | D        | Got the ring "Goyvvu" {rPois rC+ MR+ AC+3 Str-2}
   592 | D        | Entered arena 6.
   592 | D        | Found a transporter.
   598 | D        | Reached XP level 8. HP: 83/83 MP: 7/7
   614 | D        | Got the +0 chain mail of the Gravedigger {rElec Dex-2 Slay+2 Stlth+}
   756 | D        | Entered arena 7.
   757 | D        | Found a transporter.
   761 | D        | Reached skill level 10 in Polearms
   762 | D        | Reached ****** piety under Trog
   766 | D        | Received a gift from Trog
   772 | D        | Received a gift from Trog
   786 | D        | Got the ring "Zuumm" {rElec MR+ Int+7 Slay-6}
   892 | D        | Reached XP level 9. HP: 92/92 MP: 8/8
   893 | D        | Entered arena 8.
   894 | D        | Found a transporter.
   899 | D        | Received a gift from Trog
  1088 | D        | Entered arena 9.
  1089 | D        | Found the +7 sceptre of Torment
  1089 | D        | Found a transporter.
  1100 | D        | Received a gift from Trog
  1153 | D        | Got the ring "Pown" {rPois MP-9 Int+7 SInv Stlth-}
  1389 | D        | Entered arena 10.
  1391 | D        | Found a transporter.
  1396 | D        | Received a gift from Trog
  1398 | D        | Reached skill level 10 in Armour
  1431 | D        | Received a gift from Trog
  1451 | D        | Entered arena 11.
  1452 | D        | Found a transporter.
  1454 | D        | Received a gift from Trog
  1457 | D        | Reached XP level 10. HP: 84/101 MP: 9/9
  1464 | D        | Received a gift from Trog
  1531 | D        | Received a gift from Trog
  1647 | D        | Entered arena 12.
  1647 | D        | Noticed Agnes
  1647 | D        | Noticed Frances
  1647 | D        | Noticed Maurice
  1648 | D        | Noticed Purgy
  1649 | D        | Noticed Nikola
  1649 | D        | Noticed Sonja
  1649 | D        | Noticed Polyphemus
  1649 | D        | Noticed Menkaure
  1650 | D        | Found a transporter.
  1654 | D        | Killed Agnes
  1654 | D        | Received a gift from Trog
  1656 | D        | Killed Purgy
  1658 | D        | HP: 3/154 [Polyphemus (8)]
  1658 | D        | Killed from afar by Menkaure

Skill      XL: |  1  2  3  4  5  6  7  8  9 10 |
---------------+-------------------------------+-----
Fighting       | 5 6 8 10 11 12 13 14 | 14.1
Axes           | 5 6 8 10 11 12 13 14 | 14.0
Armour         | 3 4 5 6 7 8 10 13 | 13.0
Dodging        | 3 4 5 6 7 8 |  8.1
Polearms       | 2 4 6 9 10 12 | 12.9
Short Blades   | 2 |  2.0
Throwing       | 3 |  3.9
Stealth        | 2 3 |  3.0

Action                   |  1- 3 |  4- 6 |  7- 9 | 10-12 || total
-------------------------+-------+-------+-------+-------++-------
Melee: Demon trident     |     7 |    29 |    26 |       ||    62
       Headbutt          |     1 |     8 |     5 |     3 ||    17
       Hand axe          |       |       |    32 |    11 ||    43
Invok: Berserk           |     1 |     1 |     3 |     1 ||     6
       Burn Spellbooks   |       |     1 |     4 |     1 ||     6
  Use: Potion            |       |       |     1 |       ||     1
  Eat: Chunk             |       |       |     3 |     1 ||     4
       Ration            |       |       |     1 |       ||     1
Armor: Shadow dragon sca |     5 |    11 |     5 |       ||    21
       Chain mail        |       |       |    14 |     7 ||    21
Dodge: Dodged            |     2 |     6 |    14 |     7 ||    29
